 Dungeon Crawl Stone Soup version 0.16-a0-3210-ge5ae1c3 (console) character file.

384 Kite the Cleaver (level 6, -2/51 HPs)
             Began as a Minotaur Berserker on Dec 19, 2014.
             Was an Elder of Trog.
             Slain by Grinder (13 damage)
             ... while paralysed by Grinder
             ... on level 3 of the Dungeon.
             The game lasted 00:19:54 (3378 turns).

Kite the Cleaver (Minotaur Berserker)               Turns: 3378, Time: 00:19:54

Health: -2/51      AC:  3    Str: 22    XL:     6   Next: 47%
Magic:  3/3        EV:  2    Int:  4    God:    Trog [****..]
Gold:   237        SH:  0    Dex: 11    Spells: 0 memorised, 5 levels left

rFire  . . .     SeeInvis .     a - +0 hand axe
rCold  . . .     Clarity  .     v - -1 robe (curse)
rNeg   . . .     SustAb   .     (no shield)
rPois  .         Gourm    .     (helmet restricted)
rElec  .         Spirit   .     (no cloak)
rCorr  .         Warding  .     (no gloves)
rMut   .         Stasis   .     h - +1 pair of boots
MR     .....                    (no amulet)
Stlth  +.........               (no ring)
                                (no ring)

@: paralysed, not resistant to hostile enchantments, very unstealthy
A: retaliatory headbutt, horns 2
a: Burn Spellbooks, Berserk, Trog's Hand, Brothers in Arms, Renounce Religion


You were on level 3 of the Dungeon.
You worshipped Trog.
Trog was greatly pleased with you.
You were not hungry.

You visited 1 branch of the dungeon, and saw 4 of its levels.

You collected 237 gold pieces.

Inventory:

Hand weapons
 a - a +0 hand axe (weapon)
 i - a +0 short sword
 t - a +0 hunting sling
 x - a +0 hand crossbow
Missiles
 g - 40 stones (quivered)
 y - 15 sling bullets
 z - 15 bolts
Armour
 b - a +0 animal skin
 f - a +0 chain mail
 h - a +1 pair of boots (worn)
 v - a cursed -1 robe (worn)
 w - a +0 chain mail
Scrolls
 j - a scroll of blinking {unknown}
 k - a scroll of fog {unknown}
 m - a scroll of enchant armour {unknown}
 o - a scroll of identify
 p - a scroll of fear {unknown}
 s - a scroll of recharging
 A - a scroll of amnesia {unknown}
Potions
 d - 2 potions of brilliance
 e - a potion of curing {unknown}
 n - 2 potions of agility {unknown}
 q - a potion of cure mutation {unknown}
 r - a potion of flight {unknown}
 u - a potion of ambrosia {unknown}
Comestibles
 c - 3 bread rations


   Skills:
 - Level 3.6 Fighting
 * Level 8.9 Axes
 - Level 2.4 Armour
 - Level 2.1 Dodging


You had 5 spell levels left.
You didn't know any spells.

Dungeon Overview and Level Annotations

Branches:
Dungeon (4/15)
 Temple: D:4-7

Altars:
Ashenzari
Cheibriados
Dithmenos
Gozag
Vehumet
Zin

Shops:
D:3 *

Annotations:
D:3 Grinder


Innate Abilities, Weirdness & Mutations

You reflexively headbutt those who attack you in melee.
You have a pair of horns on your head.


Message History

There is a stone staircase leading down here.
You hit Grinder.
Grinder is moderately wounded.
Grinder hits you!
You writhe in agony.
Eat which item? (? for menu, Esc to quit)
Grinder hits you!
* * * LOW HITPOINT WARNING * * *
You writhe in agony.
* * * LOW HITPOINT WARNING * * *
You continue eating.
Grinder hits you.
* * * LOW HITPOINT WARNING * * *
You writhe in agony. x2
You continue eating.
Grinder gestures at you.
You suddenly lose the ability to move!
Grinder gestures at you.
You shrug off the repeated paralysis!
Grinder hits you!
You die...

#.# ########## #.# #........#
#####.### #.######.####....?..#
## #.##................#### .#
#.##.###.####..(........ .#
#.##.# #.# #.......#### .#
#.##.###5# #.......# .####
#......@.# #.......# <...#
####.##### #.......# .##.# #.#
#####.### .##.# #.####### #.#
.##.# #.......# ##+## ..#.#
#######.# ##...## #.#(# ####.#
##.....## .)..#
##.##.###.......##
#...###########...#.##.........##


You could see Grinder.

Vanquished Creatures
  The ghost of haldagan the Ruffian, an average TrFi (D:3)
  Sigmund (D:3)
  Terence (D:3)
  Robin (D:2)
  3 adders
  A giant mite (D:3)
  2 worms
  An ooze (D:1)
  7 bats
  6 giant cockroaches
  18 goblins
  10 hobgoblins
  12 jackals
  2 quokkas (D:3)
  2 ball pythons (D:1)
  4 giant geckos
  6 giant newts
  9 kobolds
  2 rats (D:1)
89 creatures vanquished.

Notes
Turn   | Place    | Note
--------------------------------------------------------------
     0 | D:1      | Kite, the Minotaur Berserker, began the quest for the Orb.
     0 | D:1      | Reached XP level 1. HP: 19/19 MP: 1/1
   116 | D:1      | Reached skill level 4 in Axes
   245 | D:1      | Reached XP level 2. HP: 26/26 MP: 1/1
   420 | D:1      | Acquired Trog's second power
   877 | D:1      | Reached skill level 5 in Axes
  1083 | D:2      | Reached XP level 3. HP: 23/31 MP: 2/2
  1551 | D:2      | Found a snail-covered altar of Cheibriados.
  1551 | D:2      | Found a radiant altar of Vehumet.
  1726 | D:2      | Reached XP level 4. HP: 39/39 MP: 2/2
  1734 | D:2      | Reached skill level 6 in Axes
  1909 | D:2      | Noticed Robin
  1930 | D:2      | Killed Robin
  2210 | D:3      | Acquired Trog's third power
  2280 | D:3      | Noticed Sigmund
  2297 | D:3      | Killed Sigmund
  2297 | D:3      | Reached skill level 7 in Axes
  2297 | D:3      | Reached XP level 5. HP: 34/45 MP: 2/2
  2732 | D:3      | Found Gozag's Nutrition Petition.
  2733 | D:3      | Found an opulent altar of Gozag.
  2762 | D:3      | Found a glowing silver altar of Zin.
  2763 | D:3      | Found a shadowy altar of Dithmenos.
  2763 | D:3      | Found a shattered altar of Ashenzari.
  2868 | D:3      | Noticed haldagan's ghost (average TrFi)
  2888 | D:3      | Killed haldagan's ghost
  2888 | D:3      | Reached skill level 8 in Axes
  2888 | D:3      | Reached XP level 6. HP: 29/51 MP: 3/3
  3231 | D:3      | Noticed Terence
  3242 | D:3      | Killed Terence
  3356 | D:4      | Noticed Grinder
  3361 | D:4      | Paralysed by Grinder for 7 turns
  3376 | D:3      | Paralysed by Grinder for 3 turns
  3378 | D:3      | Slain by Grinder

Action                   |  1- 3 |  4- 6 || total
-------------------------+-------+-------++-------
Melee: Hand axe          |   102 |   120 ||   222
Invok: Berserk           |       |     3 ||     3
  Use: Scroll            |       |     3 ||     3
  Eat: Chunk             |     2 |     6 ||     8
       Pizza             |       |     1 ||     1
       Bread ration      |       |     1 ||     1
